[Event "Titled Tuesday Blitz May 23 Early 2023"]
[White "Nugumanov, Bakhtiyar"]
[Black "Baghdasaryan, Vahe"]
[WhiteFideId "13701797"]
[BlackFideId "13303139"]
[WhiteElo "2209"]
[BlackElo "2216"]
[Result "0-1"]
[Round "01"]
[TimeControl "180+2"]
[Date "2023.05.23"]
[WhiteClock "0:00:05"]
[BlackClock "0:00:05"]

1. Nf3 c5 2. c4 Nc6 3. Nc3 g6 4. e3 Nf6 5. d4 cxd4 6. exd4 d5 7. cxd5 Nxd5 8. Qb3 Nxc3 9. Bc4 Nd5 10. Bxd5 e6 11. Bxc6+ bxc6 12. O-O f6 13. Re1 Kf7 14. Bd2 Qd5 15. Qc2 Bb7 16. b4 g5 17. h3 Bd6 18. Rac1 Rag8 19. Qc4 g4 20. Qxd5 cxd5 21. hxg4 Rxg4 22. Rc2 Ke7 23. b5 Kd7 24. a4 h5 25. Kf1 h4 26. Ng1 Rhg8 27. Nf3 Rxg2 28. Nxh4 Rh2 29. Nf3 Rh3 30. Ke2 e5 31. Be3 e4 32. Nd2 f5 33. f4 exf3+ 34. Nxf3 Rg2+ 35. Bf2 Bg3 36. Rf1 f4 37. Ke1 Kd6 38. Bxg3 Rxc2 39. Bxf4+ Kd7 40. Ne5+ Ke6 41. a5 Ra3 42. Kd1 Rg2 43. Bc1 Ra1 44. Rf7 Bc8 45. Rf1 Bd7 46. Re1 Bxb5 47. Nc6+ Kd6 48. Nxa7 Ba4# 0-1


[Site "https://www.chess.com"]

[Event "Titled Tuesday Blitz May 23 Early 2023"]
[White "Ginzburg, Yakov"]
[Black "Dahlgren, James Allen"]
[WhiteFideId "4157176"]
[BlackFideId "22256873"]
[WhiteElo "2305"]
[BlackElo "2188"]
[Result "1/2-1/2"]
[Round "01"]
[TimeControl "180+2"]
[Date "2023.05.23"]
[WhiteClock "0:00:13"]
[BlackClock "0:01:53"]

1. e4 e6 2. d4 c5 3. d5 exd5 4. exd5 f5 5. Nf3 d6 6. Bb5+ Bd7 7. Qe2+ Be7 8. O-O Bxb5 9. Qxb5+ Qd7 10. Qxd7+ Nxd7 11. Re1 O-O-O 12. Bg5 Bxg5 13. Nxg5 Nh6 14. Nc3 a6 15. a4 Rde8 16. h3 Nf6 17. a5 Kd7 18. f3 Rxe1+ 19. Rxe1 Re8 20. Rxe8 Kxe8 21. Kf2 Nf7 22. Ne6 g6 23. Ke3 Ke7 24. Nf4 g5 25. Nd3 f4+ 26. Ke2 Ne5 27. Nxe5 dxe5 28. Ne4 Nxe4 29. fxe4 h5 30. c3 g4 31. c4 Kd6 32. Kf2 Kc7 33. b3 b6 34. axb6+ Kxb6 35. hxg4 hxg4 36. Ke2 Ka5 37. Kf2 Kb6 38. Ke2 Kc7 39. Kf1 a5 40. Kf2 Kd7 41. Kg1 Ke7 42. Kh2 Kf6 43. Kh1 Kg5 44. Kg1 Kf6 45. g3 f3 46. Kf2 Kf7 47. Ke3 Ke7 48. Kf2 Kd7 49. Ke3 Kc7 50. Kf2 Kd6 51. Ke3 Kd7 52. Kf2 Kd6 53. Ke3 Kd7 54. Kf2 Kd6 1/2-1/2


[Site "https://www.chess.com"]

[Event "Titled Tuesday Blitz May 23 Early 2023"]
[White "Guevara Sanchez, Erick Marvin"]
[Black "Vestby-Ellingsen, Mads"]
[WhiteFideId "6700136"]
[BlackFideId "1520857"]
[WhiteElo "2040"]
[BlackElo "2244"]
[Result "0-1"]
[Round "01"]
[TimeControl "180+2"]
[Date "2023.05.23"]
[WhiteClock "0:01:49"]
[BlackClock "0:01:44"]

1. e4 e6 2. d4 d5 3. Nc3 Nf6 4. Bg5 h6 5. Bxf6 Qxf6 6. e5 Qd8 7. f4 c5 8. Nf3 Nc6 9. Bb5 Qb6 10. dxc5 Bxc5 11. Qe2 Bd7 12. O-O-O a6 13. Bd3 Nb4 14. a3 Nxd3+ 15. Qxd3 Rc8 16. f5 O-O 17. f6 Qa5 18. Nh4 Bxa3 19. bxa3 Rxc3 20. Qd2 Rfc8 21. fxg7 Qxa3+ 22. Kb1 Qb4+ 23. Ka1 Ra3# 0-1


[Site "https://www.chess.com"]

[Event "Titled Tuesday Blitz May 23 Early 2023"]
[White "Han, Yichen"]
[Black "Ruge, Edison"]
[WhiteFideId "1054430"]
[BlackFideId "4401000"]
[WhiteElo "2342"]
[BlackElo "2175"]
[Result "1-0"]
[Round "01"]
[TimeControl "180+2"]
[Date "2023.05.23"]
[WhiteClock "0:00:06"]
[BlackClock "0:00:00"]

1. d4 d5 2. c4 e5 3. dxe5 d4 4. a3 Nc6 5. Nf3 a5 6. g3 Bg4 7. Nbd2 a4 8. Bg2 Nge7 9. O-O Ng6 10. h3 Bxf3 11. Nxf3 Bc5 12. Bg5 Qd7 13. e3 h6 14. Bf4 Nxf4 15. exf4 O-O 16. Ne1 Na5 17. Nd3 Be7 18. Qg4 Qxg4 19. hxg4 Rab8 20. Rac1 Nb3 21. Rc2 c6 22. Rd1 Rfd8 23. f5 Bf8 24. f4 Be7 25. Kf2 Ra8 26. Ke2 Ra6 27. Be4 Rb6 28. Rh1 Na5 29. Rh5 Rb3 30. g5 Bf8 31. f6 g6 32. Rh1 b5 33. cxb5 cxb5 34. gxh6 Kh7 35. f5 Nc4 36. e6 Bd6 37. exf7 gxf5 38. Bxf5+ Kh8 39. g4 Ne5 40. g5 Nxf7 41. g6 Ng5 42. g7+ Kg8 43. Bg6 1-0


[Site "https://www.chess.com"]

[Event "Titled Tuesday Blitz May 23 Early 2023"]
[White "Bruedigam, Martin"]
[Black "Cardozo Munar, Carlos Eduardo"]
[WhiteFideId "24608033"]
[BlackFideId "4409477"]
[WhiteElo "2331"]
[BlackElo "2067"]
[Result "1-0"]
[Round "01"]
[TimeControl "180+2"]
[Date "2023.05.23"]
[WhiteClock "0:00:20"]
[BlackClock "0:00:00"]

1. d4 d5 2. c4 e5 3. dxe5 d4 4. Nf3 Nc6 5. a3 Nge7 6. b4 Ng6 7. Bb2 Ngxe5 8. b5 Nxf3+ 9. exf3 Qe7+ 10. Be2 Ne5 11. Qxd4 Ng6 12. Nc3 Be6 13. O-O Qc5 14. Qxc5 Bxc5 15. Ne4 Bf8 16. Rfe1 O-O-O 17. g3 f6 18. Bf1 Bf7 19. Rad1 Be7 20. h4 h5 21. Kg2 Rxd1 22. Rxd1 Rd8 23. Rxd8+ Kxd8 24. a4 Nf8 25. Bd4 Ne6 26. Be3 b6 27. f4 f5 28. Ng5 Nxg5 29. hxg5 Kd7 30. Bd3 g6 31. Kf3 Bd6 32. Ke2 c6 33. Kd2 cxb5 34. axb5 Bb4+ 35. Kc2 Kd6 36. Bd4 Bc5 37. Kc3 Bxd4+ 38. Kxd4 Be6 39. Be2 Bf7 40. Bf3 Be6 41. Bd5 1-0


[Site "https://www.chess.com"]

[Event "Titled Tuesday Blitz May 23 Early 2023"]
[White "Tarnowska, Aleksandra"]
[Black "Shevtchenko, Olesya"]
[WhiteFideId "1180967"]
[BlackFideId "24131890"]
[WhiteElo "1776"]
[BlackElo "2003"]
[Result "0-1"]
[Round "01"]
[TimeControl "180+2"]
[Date "2023.05.23"]
[WhiteClock "0:00:02"]
[BlackClock "0:01:33"]

1. e4 c6 2. d4 d5 3. Nc3 dxe4 4. Nxe4 Nf6 5. Nxf6+ exf6 6. Nf3 Bd6 7. Be3 Bg4 8. Qd2 Bxf3 9. gxf3 h5 10. h4 g6 11. O-O-O Na6 12. a3 Kf8 13. Bh6+ Kg8 14. Bd3 Qc7 15. Kb1 Rxh6 16. Rhg1 Bf4 17. Qc3 Kg7 18. d5 cxd5 19. Qd4 Be5 20. Qxd5 Rhh8 21. Qe4 Nc5 22. Qc4 Nxd3 23. Qxd3 Rhd8 24. Qe4 Rxd1+ 25. Rxd1 Rd8 26. Rg1 Rd4 27. Qe2 Qb6 28. c3 Rf4 29. Rd1 Bxc3 30. Rd7 Rd4 31. Re7 Rd2 32. Qe3 Qxb2# 0-1


[Site "https://www.chess.com"]

[Event "Titled Tuesday Blitz May 23 Early 2023"]
[White "Omelja, Artem"]
[Black "Acikel, Mert"]
[WhiteFideId "14119846"]
[BlackFideId "12956465"]
[WhiteElo "2404"]
[BlackElo "2097"]
[Result "1-0"]
[Round "01"]
[TimeControl "180+2"]
[Date "2023.05.23"]
[WhiteClock "0:00:35"]
[BlackClock "0:00:11"]

1. e4 e5 2. Nf3 Nc6 3. Bb5 a6 4. Bxc6 dxc6 5. O-O Bg4 6. h3 h5 7. Re1 Qf6 8. Re3 Be6 9. d4 O-O-O 10. c3 g5 11. Rd3 Bh6 12. dxe5 Rxd3 13. Qxd3 Qe7 14. Nd4 g4 15. hxg4 Bxc1 16. Qc2 hxg4 17. g3 Bf4 18. gxf4 Bd7 19. Nd2 Qh4 20. Kf1 Qh1+ 21. Ke2 Qxa1 22. Qb3 c5 23. Qxf7 Nh6 24. Qg7 Rg8 25. Qxh6 cxd4 26. e6 1-0


[Site "https://www.chess.com"]

[Event "Titled Tuesday Blitz May 23 Early 2023"]
[White "ritanovikova"]
[Black "surrenderPLS"]
[WhiteElo "2169"]
[BlackElo "2547"]
[Result "0-1"]
[Round "01"]
[TimeControl "180+2"]
[Date "2023.05.23"]
[WhiteClock "0:01:12"]
[BlackClock "0:01:01"]

1. e4 c5 2. Nc3 Nc6 3. d3 g6 4. Be3 Nd4 5. Qd2 Bg7 6. Nd1 d6 7. c3 Nc6 8. g3 e5 9. Bg2 Be6 10. Ne2 h6 11. h4 Qd7 12. d4 cxd4 13. cxd4 exd4 14. Nxd4 Nge7 15. Nxe6 fxe6 16. O-O e5 17. Nc3 Nd4 18. Bxd4 exd4 19. Nd5 Nxd5 20. exd5 O-O 21. Be4 Qf7 22. Qd3 g5 23. hxg5 hxg5 24. Kg2 Qf6 25. Rac1 Rac8 26. Bh7+ Kf7 27. Bf5 Rxc1 28. Rxc1 Kg8 29. Be6+ Kh8 30. Rh1+ Bh6 31. g4 Qxf2+ 32. Kh3 Rf3+ 0-1


[Site "https://www.chess.com"]

[Event "Titled Tuesday Blitz May 23 Early 2023"]
[White "Gontcharov, Vladislav"]
[Black "KSho99"]
[WhiteFideId "4123492"]
[WhiteElo "2420"]
[BlackElo "2151"]
[Result "1-0"]
[Round "01"]
[TimeControl "180+2"]
[Date "2023.05.23"]
[WhiteClock "0:01:32"]
[BlackClock "0:01:05"]

1. d4 d5 2. c4 dxc4 3. Nf3 Nf6 4. e3 e6 5. Bxc4 c5 6. O-O a6 7. Qe2 b5 8. Bb3 Bb7 9. Rd1 c4 10. Bc2 Nbd7 11. a4 Qb6 12. e4 Be7 13. Be3 Ng4 14. Bf4 Bd6 15. e5 Be7 16. Nc3 Nh6 17. Bxh6 gxh6 18. Be4 Nf8 19. axb5 Bxe4 20. Qxe4 Ra7 21. bxa6 Rxa6 22. Rxa6 Qxa6 23. d5 Rg8 24. d6 1-0


[Site "https://www.chess.com"]

[Event "Titled Tuesday Blitz May 23 Early 2023"]
[White "Larina, Maria"]
[Black "Tologon tegin, Semetei"]
[WhiteFideId "24113182"]
[BlackFideId "13800574"]
[WhiteElo "1848"]
[BlackElo "2247"]
[Result "0-1"]
[Round "01"]
[TimeControl "180+2"]
[Date "2023.05.23"]
[WhiteClock "0:00:07"]
[BlackClock "0:00:45"]

1. e4 c5 2. Nc3 d6 3. d4 cxd4 4. Qxd4 Nc6 5. Qd2 g6 6. b3 Bh6 7. f4 e5 8. Nb5 Bxf4 9. Qxd6 Qxd6 10. Nxd6+ Kf8 11. Bxf4 exf4 12. Nxc8 Rxc8 13. Nf3 Nf6 14. Bd3 Kg7 15. O-O Rhe8 16. Rfe1 Nb4 17. Re2 Rc3 18. Ne1 Ng4 19. a3 Nxd3 20. Nxd3 g5 21. h3 Ne3 22. Ne1 Rxe4 23. Kf2 f5 24. Rc1 Kf6 25. Nf3 h5 26. Nd2 Re6 27. Nf1 g4 28. hxg4 hxg4 29. Nxe3 fxe3+ 30. Kg3 Kg5 31. Rf1 Re4 32. Kh2 f4 33. Rd1 Kf5 34. Rd5+ Re5 35. Rd7 Rc6 36. Rxb7 Rd5 37. Rf7+ Ke5 38. Rg7 Rh6+ 39. Kg1 Rd1+ 40. Re1 Rxe1# 0-1


[Site "https://www.chess.com"]

[Event "Titled Tuesday Blitz May 23 Early 2023"]
[White "Ibadov, Dashgyn"]
[Black "Ciuffoletti, Paolo"]
[WhiteFideId "24107514"]
[BlackFideId "807630"]
[WhiteElo "2208"]
[BlackElo "2143"]
[Result "1-0"]
[Round "01"]
[TimeControl "180+2"]
[Date "2023.05.23"]
[WhiteClock "0:01:16"]
[BlackClock "0:00:17"]

1. e4 c5 2. Nf3 Nc6 3. Bb5 e6 4. O-O Nge7 5. d4 cxd4 6. Nxd4 Nxd4 7. Qxd4 a6 8. Be2 Nc6 9. Qc3 Qf6 10. Qxf6 gxf6 11. Be3 b5 12. a4 b4 13. a5 Be7 14. Nd2 Bb7 15. Nc4 O-O 16. Nb6 Rad8 17. Rfd1 d6 18. f3 Kh8 19. c3 bxc3 20. bxc3 Ne5 21. Bd4 Ng6 22. Rab1 Nf4 23. Bf1 d5 24. exd5 Nxd5 25. Nxd5 Bxd5 26. Rb6 e5 27. Be3 Be6 28. Rxd8 Rxd8 29. Bxa6 Rd3 30. Bxd3 1-0


[Site "https://www.chess.com"]

[Event "Titled Tuesday Blitz May 23 Early 2023"]
[White "dDobravcan"]
[Black "Taboas Rodriguez, Daniel"]
[BlackFideId "2208466"]
[WhiteElo "2131"]
[BlackElo "2365"]
[Result "0-1"]
[Round "01"]
[TimeControl "180+2"]
[Date "2023.05.23"]
[WhiteClock "0:00:00"]
[BlackClock "0:00:14"]

1. d4 Nf6 2. Nc3 d5 3. Bf4 Bf5 4. e3 e6 5. f3 Bd6 6. g4 Bxf4 7. exf4 Bg6 8. h4 h5 9. g5 Ng8 10. Bd3 Ne7 11. Nge2 Nbc6 12. Bxg6 Nxg6 13. Qd3 Nge7 14. O-O-O Qd6 15. Kb1 O-O-O 16. Na4 Kb8 17. Nc5 b6 18. Nb3 Rc8 19. Rc1 Nb4 20. Qd2 c5 21. dxc5 bxc5 22. c4 d4 23. a3 Nbc6 24. Ng3 Ng6 25. Ne4 Qxf4 26. Qc2 Ka8 27. Nbxc5 Rb8 28. Qa4 Rhc8 29. b4 Qxf3 30. Rhf1 Qe2 31. Rxf7 Nge5 32. Rxg7 Nxc4 33. Rc2 Qd1+ 34. Ka2 d3 35. Rf2 Qxa4 36. Nxa4 Rb7 37. Rxb7 Kxb7 38. Nac5+ Ka8 39. Nxd3 Nd4 0-1


[Site "https://www.chess.com"]

[Event "Titled Tuesday Blitz May 23 Early 2023"]
[White "Janaszak, Dawid"]
[Black "Cramling Bellon, Anna"]
[WhiteFideId "1119206"]
[BlackFideId "32009232"]
[WhiteElo "2220"]
[BlackElo "1976"]
[Result "1-0"]
[Round "01"]
[TimeControl "180+2"]
[Date "2023.05.23"]
[WhiteClock "0:00:56"]
[BlackClock "0:00:00"]

1. e4 c5 2. Nc3 Nc6 3. f4 g6 4. Nf3 Bg7 5. Bc4 e6 6. O-O Nge7 7. d3 O-O 8. Qe1 d5 9. Bb3 Nd4 10. Kh1 b6 11. e5 Nef5 12. Ne2 Nxf3 13. Rxf3 Ba6 14. c3 c4 15. dxc4 dxc4 16. Bc2 Bb7 17. Rf2 Nh4 18. Nd4 Qd5 19. Nf3 Nxf3 20. Rxf3 Bh6 21. Be3 Qb5 22. Rf2 Rad8 23. Rb1 Qd5 24. h3 f6 25. exf6 Rxf6 26. Rd1 Qxd1 27. Bxd1 e5 28. Bf3 e4 29. Be2 b5 30. a4 a6 31. axb5 axb5 32. Bg4 Rdf8 33. Qd2 g5 34. fxg5 Rxf2 35. Bxf2 e3 36. Bxe3 Bxg5 37. Bxg5 Rf1+ 38. Kh2 1-0


[Site "https://www.chess.com"]

[Event "Titled Tuesday Blitz May 23 Early 2023"]
[White "Winkels, Marcel"]
[Black "Sukandar, Irine Kharisma"]
[WhiteFideId "1003887"]
[BlackFideId "7101937"]
[WhiteElo "1900"]
[BlackElo "2315"]
[Result "0-1"]
[Round "01"]
[TimeControl "180+2"]
[Date "2023.05.23"]
[WhiteClock "0:00:00"]
[BlackClock "0:00:02"]

1. d4 d5 2. Nc3 Nf6 3. Bf4 c6 4. e3 g6 5. h4 Bg7 6. Nf3 h5 7. Ne5 Nfd7 8. Qd2 Nxe5 9. Bxe5 f6 10. Bg3 O-O 11. O-O-O e5 12. Be2 Be6 13. Kb1 Nd7 14. f3 Qe7 15. Bf2 exd4 16. exd4 b5 17. Bd3 Qf7 18. g4 hxg4 19. fxg4 Bxg4 20. Rdg1 Bh5 21. Be2 Bxe2 22. Nxe2 Rfe8 23. Nf4 Nf8 24. h5 g5 25. h6 Bh8 26. Nh5 Nh7 27. Ng3 Qg6 28. Ne2 Re4 29. Ng3 Re6 30. Ne2 Re4 31. Ng3 Re7 32. Ne2 Rae8 33. Nf4 Qf5 34. Nh5 Re2 35. Qd1 Qxf2 36. Rf1 Qe3 37. a3 Rd2 38. Qc1 Rxd4 0-1


[Site "https://www.chess.com"]

[Event "Titled Tuesday Blitz May 23 Early 2023"]
[White "cristianserban1"]
[Black "Putri, Regita Desyari"]
[BlackFideId "7109083"]
[WhiteElo "2533"]
[BlackElo "1930"]
[Result "1-0"]
[Round "01"]
[TimeControl "180+2"]
[Date "2023.05.23"]
[WhiteClock "0:00:46"]
[BlackClock "0:00:06"]

1. d4 Nf6 2. Bf4 d5 3. Nf3 e6 4. e3 c5 5. Nbd2 Bd6 6. Bg3 O-O 7. c3 Qc7 8. Ne5 Nbd7 9. f4 b6 10. Bd3 Bb7 11. Qf3 a6 12. a4 Rfe8 13. Bh4 Rab8 14. g4 c4 15. Bc2 Nf8 16. g5 N6d7 17. Bf2 b5 18. axb5 axb5 19. h4 b4 20. h5 bxc3 21. bxc3 Bxe5 22. fxe5 Bc8 23. g6 Nb6 24. Ke2 fxg6 25. hxg6 h6 26. Bg3 Qe7 27. Bf4 Bd7 28. Rh2 Ra8 29. Rah1 Ra2 30. Bb1 Rb2 31. Bxh6 gxh6 32. Rxh6 Qg7 33. Rh8+ Qxh8 34. Rxh8+ Kxh8 35. Qf6+ Kg8 36. Qf7+ Kh8 37. g7# 1-0


[Site "https://www.chess.com"]

[Event "Titled Tuesday Blitz May 23 Early 2023"]
[White "Jaivardhan Raj"]
[Black "Manukyan, Artyom"]
[WhiteFideId "25744437"]
[BlackFideId "13305786"]
[WhiteElo "1772"]
[BlackElo "2078"]
[Result "1-0"]
[Round "01"]
[TimeControl "180+2"]
[Date "2023.05.23"]
[WhiteClock "0:00:06"]
[BlackClock "0:00:07"]

1. e4 c5 2. Nf3 d6 3. d4 cxd4 4. Qxd4 Nc6 5. Qe3 Nf6 6. c4 g6 7. Nc3 Bg7 8. h3 O-O 9. Be2 b6 10. O-O Bb7 11. Rd1 Qc8 12. b3 Rd8 13. Bb2 e6 14. Rac1 Qc7 15. Ba1 Qe7 16. Nb5 Nb4 17. a3 Na6 18. e5 dxe5 19. Bxe5 Nc5 20. Bd6 Rxd6 21. Nxd6 Bc6 22. Ne5 Be8 23. Bf3 Rd8 24. Nxe8 Rxe8 25. b4 Ncd7 26. Nxd7 Nxd7 27. Bc6 Rd8 28. Bxd7 Rxd7 29. Rd2 Bf6 30. Rcd1 Rxd2 31. Qxd2 Qc7 32. Qd3 Kg7 33. b5 Qc5 34. a4 h5 35. Qc2 h4 36. Rd7 Qb4 37. Rxa7 Qe1+ 38. Kh2 Be5+ 39. g3 hxg3+ 40. Kg2 Bf4 41. Rd7 e5 42. c5 bxc5 43. Qa2 Kh6 44. Rxf7 gxf2 45. Qxf2 Qe4+ 46. Qf3 Qc2+ 47. Qf2 Qe4+ 48. Qf3 Qc2+ 49. Qf2 Qxa4 50. Qh4# 1-0


[Site "https://www.chess.com"]

[Event "Titled Tuesday Blitz May 23 Early 2023"]
[White "Richter, Paul"]
[Black "Sailer, Mike"]
[WhiteFideId "2046350"]
[BlackFideId "2012901"]
[WhiteElo "2531"]
[BlackElo "2109"]
[Result "1-0"]
[Round "01"]
[TimeControl "180+2"]
[Date "2023.05.23"]
[WhiteClock "0:00:07"]
[BlackClock "0:00:00"]

1. e4 d5 2. exd5 Qxd5 3. Nc3 Qd6 4. Bc4 Nf6 5. Nge2 c6 6. d4 Bf5 7. Bf4 Qd8 8. Qd2 e6 9. f3 Bb4 10. a3 Bxc3 11. Nxc3 O-O 12. O-O-O b5 13. Bb3 a5 14. g4 b4 15. gxf5 bxc3 16. Qxc3 exf5 17. Bg5 a4 18. Ba2 Nbd7 19. Rhg1 Qa5 20. Qc4 Qb5 21. Qc3 Nd5 22. Qd2 Rab8 23. c4 Qb7 24. cxd5 cxd5 25. Kb1 g6 26. Rc1 Nb6 27. Rc5 Nc4 28. Bxc4 dxc4 29. Rxc4 Qxf3 30. Rc3 Qe4+ 31. Ka1 Rb6 32. d5 Rfb8 33. Rb1 Rb5 34. Qf4 Qxd5 35. Bh6 Qd8 36. Qxa4 Qe7 37. Qc2 Qb7 38. Rc1 Qa7 39. Rc8+ 1-0


[Site "https://www.chess.com"]

[Event "Titled Tuesday Blitz May 23 Early 2023"]
[White "LionKing2367890"]
[Black "Garv Gaur"]
[BlackFideId "45030839"]
[WhiteElo "2100"]
[BlackElo "2068"]
[Result "0-1"]
[Round "01"]
[TimeControl "180+2"]
[Date "2023.05.23"]
[WhiteClock "0:00:37"]
[BlackClock "0:00:44"]

1. e4 g6 2. d4 Bg7 3. Nc3 c6 4. Be3 d5 5. f3 Nf6 6. e5 Nfd7 7. Bd3 e6 8. b4 b6 9. Nge2 c5 10. bxc5 bxc5 11. dxc5 Nxe5 12. O-O O-O 13. Nb5 Nxd3 14. cxd3 Ba6 15. Rb1 Nc6 16. Qa4 Bxb5 17. Qxb5 Rc8 18. d4 Qe7 19. f4 Qc7 20. Qb7 Qa5 21. Qb3 Ne7 22. g4 h5 23. h3 Qa6 24. Qc2 h4 25. f5 exf5 26. gxf5 Nxf5 27. Rxf5 gxf5 28. Rf1 Qg6+ 29. Kf2 f4 0-1


[Site "https://www.chess.com"]

[Event "Titled Tuesday Blitz May 23 Early 2023"]
[White "Staudenhocker43"]
[Black "Hartikainen, Jarmo"]
[BlackFideId "503134"]
[WhiteElo "2526"]
[BlackElo "2089"]
[Result "1-0"]
[Round "01"]
[TimeControl "180+2"]
[Date "2023.05.23"]
[WhiteClock "0:00:45"]
[BlackClock "0:00:03"]

1. d4 Nf6 2. c4 g6 3. Nc3 d5 4. Nf3 Bg7 5. Qb3 dxc4 6. Qxc4 a6 7. e4 b5 8. Qb3 Bb7 9. e5 Nd5 10. Be2 O-O 11. O-O Nxc3 12. Qxc3 Nd7 13. Bg5 Nb6 14. Rac1 Nd5 15. Qc5 h6 16. Be3 Qd7 17. Nd2 Rfd8 18. Bf3 e6 19. Ne4 Bf8 20. Qc2 Bg7 21. Nc5 Qc8 22. b3 Kh7 23. Nxb7 Qxb7 24. Bxd5 Qxd5 25. Qxc7 Rd7 26. Qc5 Bf8 27. Qxd5 Rxd5 28. Rc7 a5 29. Rxf7+ Kg8 30. Rf6 a4 31. Rxg6+ Kh7 32. Rxe6 axb3 33. axb3 Ra3 34. Rb1 Bb4 35. g4 Bc3 36. Rxh6+ Kg7 37. Rd6 Rxd6 38. exd6 Ra7 39. d5 Rd7 40. Bf4 Bb4 41. Rd1 Bxd6 42. Bxd6 Rxd6 43. Kg2 Kg6 44. f4 Kf6 45. Kf3 Ke7 46. Ke4 Rh6 47. Rd2 Kd6 48. g5 Rh3 49. g6 Rh8 50. g7 Rg8 51. Rg2 b4 52. f5 Ke7 53. Ke5 Kf7 54. f6 Re8+ 55. Kf5 Rg8 56. Rg4 Rd8 57. g8=Q+ Rxg8 58. Rxg8 Kxg8 59. Ke6 1-0


[Site "https://www.chess.com"]

[Event "Titled Tuesday Blitz May 23 Early 2023"]
[White "Torres Dominguez, David"]
[Black "Bagwe Gaurang"]
[WhiteFideId "2220857"]
[BlackFideId "45039895"]
[WhiteElo "1999"]
[BlackElo "1847"]
[Result "1-0"]
[Round "01"]
[TimeControl "180+2"]
[Date "2023.05.23"]
[WhiteClock "0:00:18"]
[BlackClock "0:00:03"]

1. e4 c5 2. Nc3 d6 3. Bb5+ Nd7 4. a4 e5 5. f4 Nf6 6. d3 a6 7. Bc4 Be7 8. Nf3 O-O 9. O-O b6 10. Qe1 Bb7 11. Bd2 Re8 12. Kh1 Bf8 13. fxe5 dxe5 14. Nh4 g6 15. Bg5 h6 16. Bxf6 Nxf6 17. Nxg6 Bg7 18. Nh4 Rf8 19. Ng6 Re8 20. Nh4 Re7 21. Nf5 Qf8 22. Qg3 Kh8 23. Nxe7 Qxe7 24. Rf5 Rg8 25. Qxe5 Qd8 26. Qf4 Bc8 27. Re5 Qc7 28. Rf1 Nh5 29. Rxh5 Qc6 30. Bd5 Qg6 31. Bxf7 Qg4 32. Qxg4 Bxg4 33. Bxg8 Bxh5 34. Bf7 Bg4 35. h3 Bd7 36. Nd1 b5 37. axb5 axb5 38. b3 Kh7 39. Bd5 Bd4 40. c4 Be8 41. Ne3 b4 42. Nf5 Be5 43. Ne3 Bg6 44. Bf7 Bd4 45. Bxg6+ Kxg6 46. Nf5 Be5 47. Ne7+ Kg7 48. Rf5 Bd4 49. Nc6 Be3 50. g3 Kg6 51. Kg2 h5 52. Kf3 Bg1 53. g4 h4 54. Ne7+ Kg7 55. Nc8 Bd4 56. Nd6 Bg1 57. Nb7 Bd4 58. Nxc5 Kh7 59. Na6 Kg8 60. Nxb4 Bg7 61. Nc6 Bc3 62. e5 Kh8 63. d4 Bb2 64. d5 Ba3 65. e6 Bd6 66. Rh5+ Kg7 67. Rxh4 Kg6 68. Rh5 Kg7 69. Rf5 Kh7 70. b4 Kg8 71. b5 Bc5 72. d6 Bxd6 73. b6 Kg7 74. b7 Kg6 75. Ke4 Kg7 76. Kd5 Bc7 77. e7 Bd8 78. e8=Q Bf6 79. Qd7+ Kh8 80. Rh5+ Kg8 81. Qh7+ Kf8 82. Rf5 Ke8 83. Qg8+ Kd7 84. Qe6+ Kc7 85. Rxf6 Kb6 86. Nd4+ Ka7 87. Qa6+ Kb8 88. Rf8+ Kc7 89. b8=Q+ 1-0


[Site "https://www.chess.com"]

[Event "Titled Tuesday Blitz May 23 Early 2023"]
[White "The_Sherman_Variation"]
[Black "Kriti Mayur Patel"]
[BlackFideId "35061780"]
[WhiteElo "2525"]
[BlackElo "1306"]
[Result "1-0"]
[Round "01"]
[TimeControl "180+2"]
[Date "2023.05.23"]
[WhiteClock "0:00:48"]
[BlackClock "0:01:24"]

1. b4 d5 2. Bb2 e6 3. a3 a5 4. b5 Bd7 5. e3 Bc5 6. Bxg7 c6 7. Bxh8 cxb5 8. Qg4 Nf6 9. Qg7 Be7 10. Nf3 Nc6 11. Ng5 Ne5 12. d4 h6 13. dxe5 hxg5 14. exf6 Bf8 15. Qg8 Qc7 16. Bd3 d4 17. Bg7 O-O-O 18. Bxf8 dxe3 19. O-O exf2+ 20. Rxf2 Qe5 21. c3 Qe1+ 22. Bf1 Bc6 23. Qxf7 Qe3 24. Be7 Rd1 25. Qf8+ Kc7 26. Bc5 Qe4 27. Nd2 Rxf1+ 28. Raxf1 Qd5 29. Qd6+ Qxd6 30. Bxd6+ Kxd6 31. f7 b4 32. f8=Q+ Kd5 33. cxb4 axb4 34. Qxb4 b5 35. Ne4 g4 36. Re2 g3 37. Rc1 gxh2+ 38. Kh1 Ke5 39. Qd6+ Kf5 40. Rf1+ Kg4 41. Qg3+ Kh5 42. Qg5# 1-0


[Site "https://www.chess.com"]

[Event "Titled Tuesday Blitz May 23 Early 2023"]
[White "Vargas Rodriguez, Wilver"]
[Black "tetrix83"]
[WhiteFideId "3509672"]
[WhiteElo "2246"]
[BlackElo "2525"]
[Result "0-1"]
[Round "01"]
[TimeControl "180+2"]
[Date "2023.05.23"]
[WhiteClock "0:00:00"]
[BlackClock "0:00:17"]

1. Nf3 d5 2. b3 c5 3. e4 d4 4. Bb2 Nc6 5. Bb5 Bd7 6. c3 a6 7. Bxc6 Bxc6 8. d3 dxc3 9. Bxc3 Nf6 10. O-O e6 11. a4 Be7 12. a5 O-O 13. Na3 Nd7 14. Nc4 Qc7 15. Nfe5 f6 16. Nxd7 Bxd7 17. f4 Bb5 18. Qg4 Bxc4 19. dxc4 Qc6 20. e5 f5 21. Qf3 Qxf3 22. Rxf3 Rfd8 23. Kf2 Kf7 24. Ke2 Rd7 25. Rd3 Rxd3 26. Kxd3 g5 27. g3 gxf4 28. gxf4 Rg8 29. Ra2 Rg1 30. Rc2 h5 31. Bd2 h4 32. Be3 Ra1 33. Bd2 Bd8 34. Be3 Rxa5 35. Rd2 Be7 36. Kc3 b5 37. Rd7 Ke8 38. Rc7 bxc4 39. Kxc4 Ra2 40. Bxc5 Bd8 41. Rh7 Rxh2 42. Rh8+ Kd7 43. Rh7+ Kc6 44. b4 Rc2+ 45. Kd3 Rc1 46. Kd2 Rf1 47. Ke3 a5 0-1


[Site "https://www.chess.com"]

[Event "Titled Tuesday Blitz May 23 Early 2023"]
[White "Miszler, Levente"]
[Black "Blackwhite017"]
[WhiteFideId "763276"]
[WhiteElo "2176"]
[BlackElo "2054"]
[Result "0-1"]
[Round "01"]
[TimeControl "180+2"]
[Date "2023.05.23"]
[WhiteClock "0:01:40"]
[BlackClock "0:00:47"]

1. Nf3 c5 2. c4 Nc6 3. g3 g6 4. Bg2 Bg7 5. O-O e6 6. e4 Nge7 7. d3 O-O 8. Nc3 d5 9. cxd5 exd5 10. Bd2 h6 11. Re1 Be6 12. Qc1 Nb4 13. Bxh6 Nxd3 14. Qd2 Nxe1 15. Rxe1 dxe4 16. Bxg7 Qxd2 17. Nxd2 Kxg7 18. Ndxe4 Rac8 19. Nd6 Rc7 20. Ncb5 Rd7 21. Bxb7 Rb8 22. Bc6 Rxd6 23. Nxd6 Rxb2 24. a4 Nxc6 25. Ne8+ Kf8 26. Nc7 Nd4 27. Rc1 Ne2+ 0-1


[Site "https://www.chess.com"]

[Event "Titled Tuesday Blitz May 23 Early 2023"]
[White "Necula, Iulian"]
[Black "Degenbaev, Aziz"]
[WhiteFideId "1232380"]
[BlackFideId "13802640"]
[WhiteElo "1790"]
[BlackElo "2152"]
[Result "0-1"]
[Round "01"]
[TimeControl "180+2"]
[Date "2023.05.23"]
[WhiteClock "0:00:05"]
[BlackClock "0:00:20"]

1. d4 Nf6 2. Nc3 d5 3. Bf4 g6 4. e3 Bg7 5. h4 h5 6. Qd2 O-O 7. O-O-O c5 8. Nf3 cxd4 9. exd4 Nc6 10. Ne5 Bf5 11. a3 Rc8 12. f3 a6 13. Kb1 b5 14. Rc1 b4 15. axb4 Nxb4 16. Bd3 Qa5 17. Rce1 Nxd3 18. Nxd3 e6 19. Be5 Rc4 20. Re2 Rfc8 21. Na2 Qxd2 22. Rxd2 Rxc2 23. Rxc2 Bxd3 24. Rc1 Bh6 25. Nb4 Bxc2+ 26. Rxc2 Rxc2 27. Nxc2 Nd7 28. f4 Nxe5 29. fxe5 a5 30. Ka2 f6 31. exf6 Kf7 32. Kb3 Kxf6 33. Ka4 Bd2 34. b4 axb4 35. Kb3 Kf5 36. g3 Kg4 37. Nxb4 Bxb4 38. Kxb4 Kxg3 39. Kc5 Kxh4 40. Kd6 Kg4 41. Kxe6 h4 42. Kxd5 h3 43. Kc6 h2 44. d5 h1=Q 45. Kc5 Kf5 46. d6 Ke6 0-1


[Site "https://www.chess.com"]